 Dungeon Crawl Stone Soup version 0.31-a0-986-g5e6e4ef867 (webtiles) character file.

Game seed: 5143184232606204462

672 Dittersdorf the Shield-Bearer (level 7, -1/56 HPs)
             Began as a Human Fighter on Nov 8, 2023.
             Was an Initiate of Gozag.
             Succumbed to a water moccasin's poison
             ... on level 5 of the Dungeon.
             The game lasted 00:05:03 (4110 turns).

Dittersdorf the Shield-Bearer (Human Fighter)       Turns: 4110, Time: 00:05:03

Health: -1/56      AC:  9    Str: 18    XL:     7   Next: 90%
Magic:  2/7        EV: 14    Int:  9    God:    Gozag
Gold:   401        SH:  5    Dex: 12    Spells: 6/6 levels left

rFire   . . .        a - +0 long sword
rCold   . . .        c - +0 buckler
rNeg    . . .        b - +0 scale mail
rPois   .            (no helmet)
rElec   .            (no cloak)
rCorr   .            g - +0 pair of gloves
SInv    .            j - +0 pair of boots
Will    .....        t - amulet of guardian spirit Stlth
                     D - +5 ring of evasion
HPRegen 0.29/turn    (no ring)
MPRegen 0.10/turn

%: guardian spirit
@: lethally poisoned (-1 -> -16), gold aura, invisible
A: no striking features
a: Renounce Religion, Potion Petition, Call Merchant, Bribe Branch


You were on level 5 of the Dungeon.
You worshipped Gozag.
Gozag was aware of your devotion.
You visited 2 branches of the dungeon, and saw 7 of its levels.

You collected 467 gold pieces.
You paid 66 gold pieces to Gozag.

Inventory:

Hand Weapons
 a - a +0 long sword (weapon)
Armour
 b - a +0 scale mail (worn)
 c - a +0 buckler (worn)
 g - a +0 pair of gloves (worn)
 j - a +0 pair of boots (worn)
 q - a +0 plate armour
Jewellery
 t - an amulet of guardian spirit (around neck)
 D - a +5 ring of evasion (left hand)
Wands
 y - a wand of digging (6)
 C - a wand of iceblast (6) (quivered)
 F - a wand of flame (15)
Scrolls
 e - 2 scrolls of torment {unknown}
 i - 2 scrolls of immolation {unknown}
 k - 2 scrolls of revelation {unknown}
 l - a scroll of fog {unknown}
 m - a scroll of silence {unknown}
 n - 2 scrolls of fear
 p - 2 scrolls of poison {unknown}
 r - a scroll of blinking {unknown}
 z - a scroll of amnesia {unknown}
Potions
 d - 2 potions of might
 h - a potion of invisibility
 o - a potion of degeneration {unknown}
 s - 2 potions of enlightenment {unknown}
 u - 2 potions of curing {unknown}
 v - 2 potions of lignification {unknown}
 w - a potion of ambrosia {unknown}
 x - a potion of mutation {unknown}
 A - 2 potions of haste
 B - a potion of magic
 E - a potion of resistance


   Skills:
 + Level 5.0 Fighting
 + Level 4.3 Long Blades
 + Level 5.0 Armour
 + Level 5.0 Shields


You had 6 spell levels left.
You didn't know any spells.
Your spell library contained the following spells:

 Spells                   Type           Power      Damage    Failure   Level
 Shock                    Conj/Air       0%         1d3       83%         1
 Cigotuvi's Dreadful Rot  Necr/Pois/Air  0%         N/A       92%         2
 Wereblood                Tmut           0%         N/A       92%         2
 Call Canine Familiar     Summ           0%         N/A       99%         3
 Frozen Ramparts          Ice            0%         1d1       99%         3
 Sigil of Binding         Hex            0%         N/A       99%         3
 Swiftness                Air            0%         N/A       99%         3
 Tukima's Dance           Hex            0%         N/A       99%         3
 Airstrike                Air            0%         2d(0-16)  100%        4
 Dimensional Bullseye     Hex/Tloc       0%         N/A       100%        4
 Dispel Undead            Necr           0%         3d6       100%        4
 Leda's Liquefaction      Hex/Erth       0%         N/A       100%        4
 Passage of Golubria      Tloc           0%         N/A       100%        4
 Petrify                  Tmut/Erth      0%         N/A       100%        4
 Irradiate                Conj/Tmut      0%         3d11      100%        5
 Metabolic Englaciation   Hex/Ice        0%         N/A       100%        5
 Yara's Violent Unravell  Hex/Tmut       0%         3d3       100%        5
 Death Channel            Necr           0%         N/A       100%        6


Dungeon Overview and Level Annotations

Branches:
Dungeon (6/15)             Temple (1/1) D:4

Altars:
Ashenzari
Dithmenos
Gozag
Hepliaklqana
Kikubaaqudgha
Makhleb
Okawaru
Ru
Sif Muna
Trog
Uskayaw
Vehumet
Wu Jian
Xom
Yredelemnul
Zin

Portals:
Abyss: D:4

Annotations:
D:4 2 transporters, Persephone's ghost, amateur FeSh


Message History

You kill the orc wizard!
The water moccasin bites you.
You are poisoned.
The water moccasin poisons you!
The water moccasin bites you but does no damage.
Your Fighting skill increases to level 5!
Your Armour skill increases to level 5!
Your Shields skill increases to level 5!
You feel very sick.
The water moccasin attacks as it pursues you!
The water moccasin closely misses you.
Items here: $ )) [.
You feel very sick.
The water moccasin attacks as it pursues you!
The water moccasin closely misses you. x2
You completely miss the water moccasin.
The water moccasin is heavily wounded.
You feel sick. The water moccasin bites you.
* * * LOW HITPOINT WARNING * * *
You barely miss the water moccasin.
The water moccasin is heavily wounded.
You feel sick. The water moccasin barely misses you.
The water moccasin closely misses you.
You hit the water moccasin.
The water moccasin is severely wounded.
You feel sick.
The water moccasin bites you but does no damage.
The water moccasin bites you.
* * * LOW HITPOINT WARNING * * *
You are lethally poisoned!
The water moccasin poisons you!
You closely miss the water moccasin.
The water moccasin is severely wounded.
* * * LOW HITPOINT WARNING * * *
You feel very sick. You block the water moccasin's attack.
It was a potion of invisibility.
You fade into invisibility!
You die...
Your body crumbles into a pile of gold.

#..# ############
#..## #..........#
#...#
#.########.####).#
#.# #.......# #.#
#####>..# #.#
##...##### #.######
##......... #..>S@.#
#...#.##### ######.#
#...#.##### #.#
#.♣.#...... #.#
#.♣.#.##### #.#
#.♣.#.####. #.#
#.♣.......# ###.###
#...#......
#.....###...#..####
###.###.##..#.#......


You could see a water moccasin (unable to see you).

Vanquished Creatures
  An ogre (D:4)
  A bullfrog (D:6)
  A scorpion (D:4)
  3 hounds
  A jelly (D:6)
  A sleepcap (D:5)
  3 iguanas (D:5)
  2 orc wizards
  6 adders
  4 gnolls
  A shadow imp (D:5)
  4 ufetubi (D:5)
  A worm (D:4)
  4 dart slugs
  5 orcs
  5 bats
  An endoplasm (D:1)
  4 goblins
  9 hobgoblins
  7 jackals
  3 quokkas
  5 ball pythons
  A frilled lizard (D:1)
  5 kobolds
  7 rats
85 creatures vanquished.

Notes
Turn   | Place    | Note
-------+----------+-------------------------------------------
     0 | D:1      | Dittersdorf the Human Fighter began the quest for the Orb.
     0 | D:1      | Reached XP level 1. HP: 18/18 MP: 1/1
    18 | D:1      | Found a faded altar of an unknown god.
    56 | D:1      | Reached XP level 2. HP: 23/24 MP: 2/2
   980 | D:2      | Reached XP level 3. HP: 29/29 MP: 3/3
  1619 | D:3      | Reached XP level 4. HP: 32/35 MP: 2/4
  1834 | D:3      | Found a shimmering altar of Xom.
  1835 | D:3      | Found a sacrificial altar of Ru.
  2040 | D:4      | Identified the "Byev"
  2040 | D:4      | Found a staircase to the Ecumenical Temple.
  2047 | Temple   | Entered the Ecumenical Temple
  2061 | Temple   | Became a worshipper of Gozag Ym Sagoz the Greedy
  2123 | D:4      | Found a transporter.
  2135 | D:4      | Found a one-way gate to the infinite horrors of the Abyss.
  2135 | D:4      | Noticed Persephone's ghost (amateur FeSh)
  2161 | D:4      | Noticed a small abomination
  2210 | D:4      | Noticed an ogre
  2267 | D:4      | Found a hazy altar of Hepliaklqana.
  2356 | D:4      | Reached XP level 5. HP: 39/42 MP: 5/5
  2376 | D:4      | Killed an ogre
  2377 | D:4      | Reached XP level 6. HP: 21/48 MP: 3/6
  2843 | D:4      | Found a transporter.
  3028 | D:5      | Entered Level 5 of the Dungeon
  3146 | D:5      | Reached XP level 7. HP: 35/55 MP: 5/7
  3332 | D:5      | Found a radiant altar of Vehumet.
  4095 | D:6      | Noticed a water moccasin
  4104 | D:5      | Reached skill level 5 in Fighting
  4104 | D:5      | Reached skill level 5 in Armour
  4104 | D:5      | Reached skill level 5 in Shields
  4109 | D:5      | HP: 2/56 [poisoned by a water moccasin]
  4110 | D:5      | Succumbed to a water moccasin's poison

Illustrated notes

Levels and vault maps discovered:
D:1:      scummos_arrival_simple_crosswalls, layout_basic,
          basic_ecumenical_altar, minmay_split_cup_large
D:2:      layout_loops_ring
D:3:      layout_basic, nicolae_overflow_hidden_temple, minivault_26,
          minmay_fractal_squares_gapless_5
D:4:      layout_loops_ring, mainiacjoe_overflow_alcove_4, temple_fountains,
          gammafunk_ghost_abyssal_escape, hex_large
D:5:      layout_loops_ring, mainiacjoe_overflow_boulevard,
          minmay_misc_feat_alley
D:6:      layout_basic, gup_sewer_entry_bowl
Temple:   hellmonk_temple_two_chambers

Skill      XL: |  1  2  3  4  5  6  7 |
---------------+----------------------+-----
Long Blades    | 3 4 |  4.3
Fighting       | 4 5 |  5.0
Armour         | 4 5 |  5.0
Shields        | 4 5 |  5.0

Action                     |  1- 3 |  4- 6 |  7- 9 || total
---------------------------+-------+-------+-------++-------
  Melee: Long sword        |   111 |   127 |   106 ||   344
  Evoke: Wand              |       |     1 |     5 ||     6
    Use: Scroll            |       |     4 |     1 ||     5
         Potion            |       |       |     1 ||     1
 Armour: Scale mail        |    83 |   129 |    75 ||   287
  Dodge: Dodged            |    48 |   156 |   124 ||   328
  Block: Buckler           |    37 |    53 |    32 ||   122

Table legend: (Time is in decaauts)
 A = Elapsed time spent in this place.
 B = Non-inter-level travel time spent in this place.
 C = Inter-level travel time spent in this place.
 D = Time resting spent in this place.
 E = Time spent auto-exploring this place.
 F = Levels seen in this place.
 G = Mean time per level.
                   A        B        C        D        E       F      G
               +--------+--------+--------+--------+--------+-----+--------+
         Total |   4207 |   3993 |    214 |      8 |   3123 |   7 |  601.0 |
       Dungeon |   4183 |   3969 |    214 |      6 |   3123 |   6 |  697.2 |
        Temple |     24 |     24 |      0 |      2 |      0 |   1 |   24.0 |
               +--------+--------+--------+--------+--------+-----+--------+

Top non-repeatable levels by time:
     D:5: 1054 daAuts
     D:4: 988 daAuts
     D:1: 963 daAuts
     D:2: 576 daAuts
     D:3: 570 daAuts
     D:6: 30 daAuts
  Temple: 24 daAuts
